 Dungeon Crawl Stone Soup version 0.17-a0-2098-gf59d6bc (webtiles) character file.

7230 septik the Geomancer (level 11, -5/62 HPs)
             Began as a Gargoyle Earth Elementalist on Oct 17, 2015.
             Was a Follower of Vehumet.
             Slain by a blink frog (10 damage)
             ... on level 2 of the Lair of Beasts.
             The game lasted 01:03:27 (10622 turns).

septik the Geomancer (Gargoyle Earth Elementalist) Turns: 10622, Time: 01:03:28

Health: -5/62      AC: 12    Str: 13    XL:     11   Next: 12%
Magic:  10/32      EV: 13    Int: 24    God:    Vehumet [*.....]
Gold:   402        SH:  0    Dex: 10    Spells: 4 memorised, 16 levels left

rFire  . . .     SeeInvis .     h - +1 whip "Pynt" {flame, Int+6} (curse)
rCold  . . .     Clarity  .     N - +0 robe {rN+}
rNeg   + + .     SustAt   .     (no shield)
rPois  ∞         Gourm    .     (no helmet)
rElec  +         Spirit   .     H - +0 cloak
rCorr  +         Warding  .     E - +0 pair of gloves
rMut   .         Stasis   .     (no boots)
MR     .....                    b - amulet of resist corrosion
Stlth  ++........               (no ring)
                                j - ring of magical power

@: not resistant to hostile enchantments, unstealthy
A: negative energy resistance 1, electricity resistance, unbreathing,
petrification resistance, rot immunity, AC +7
a: Renounce Religion


You were on level 2 of the Lair of Beasts.
You worshipped Vehumet.
Vehumet was aware of your devotion.
You were not hungry.

You visited 2 branches of the dungeon, and saw 10 of its levels.
You also visited: Sewer.

You collected 402 gold pieces.

Inventory:

Hand Weapons
 e - a +1 spear of piercing
 h - the cursed +1 whip "Pynt" (weapon) {flame, Int+6}
   (You found it on level 7 of the Dungeon)

   It has been specially enchanted to burn those struck by it, causing extra
   injury to most foes and up to half again as much damage against particularly
   susceptible opponents.
   It affects your intelligence (+6).
   It has a curse placed upon it.
 B - a +2 whip of flaming
Missiles
 a - 237 stones (quivered)
Armour
 n - a +4 scale mail
 E - a +0 pair of gloves (worn)
 H - a +0 cloak (worn)
 K - a +0 leather armour
 N - a +0 robe of positive energy (worn)
 U - a +0 buckler
Magical Staves
 F - an uncursed staff of cold
Jewellery
 b - an amulet of resist corrosion (around neck)
 j - a ring of magical power (left hand)
 D - a +2 ring of evasion {unknown}
Wands
 M - a wand of confusion (28)
Scrolls
 k - 3 scrolls of teleportation
 s - 3 scrolls of recharging
 v - a scroll of enchant weapon
 A - a scroll of remove curse
 C - 4 scrolls of identify
 G - a scroll of amnesia {unknown}
 P - a scroll of silence {unknown}
 Q - a scroll of magic mapping
 S - a scroll of fear {unknown}
Potions
 f - a potion of might {unknown}
 i - 2 potions of invisibility {unknown}
 l - a potion of agility {unknown}
 m - a potion of resistance {unknown}
 q - 12 potions of heal wounds
 r - 2 potions of degeneration {unknown}
 t - 4 potions of curing {unknown}
 u - 2 potions of brilliance {unknown}
 w - 2 potions of ambrosia {unknown}
 x - 2 potions of haste {unknown}
 z - 3 potions of mutation {unknown}
 I - a potion of berserk rage {unknown}
 O - a potion of flight {unknown}
 R - a potion of magic {unknown}
 T - 2 potions of cancellation {unknown}
Books
 c - a book of Geomancy

   Spells                             Type                      Level
   a - Sandblast                      Earth                        1
   b - Stoneskin                      Transmutation/Earth          2
   c - Passwall                       Transmutation/Earth          3
   d - Stone Arrow                    Conjuration/Earth            3
   e - Petrify                        Transmutation/Earth          4
   f - Lee's Rapid Deconstruction     Earth                        5
 y - a book of Maledictions

   Spells                             Type                      Level
   a - Corona                         Hexes                        1
   b - Ensorcelled Hibernation        Hexes/Ice                    2
   c - Confuse                        Hexes                        3
   d - Tukima's Dance                 Hexes                        3
   e - Dazzling Spray                 Conjuration/Hexes            3
Comestibles
 d - 6 bread rations
 g - a beef jerky
 o - 4 meat rations
 p - 24 fruits
 J - a royal jelly
 L - 9 slices of pizza
 V - a chunk of flesh


   Skills:
 + Level 4.8 Fighting
 + Level 4.5 Maces & Flails
 + Level 5.4 Armour
 + Level 4.4 Dodging
 - Level 2.1 Stealth
 + Level 2.5 Shields
 * Level 8.6 Spellcasting
 + Level 6.3 Conjurations
 - Level 0.7 Transmutations
 + Level 8.7 Earth Magic
 + Level 3.6 Evocations


You had 16 spell levels left.
You knew the following spells:

 Your Spells              Type           Power        Failure   Level  Hunger
a - Sandblast             Erth           ######       1%          1    None
b - Stone Arrow           Conj/Erth      #####.       1%          3    None
c - Stoneskin             Trmt/Erth      ####....     1%          2    None
d - Lee's Rapid Deconstr  Erth           ######....   6%          5    ####...


Dungeon Overview and Level Annotations

Branches:
Dungeon (8/15)             Temple (0/1) D:7            Lair (2/8) D:8

Altars:
Cheibriados
Dithmenos
Fedhas
Kikubaaqudgha
Makhleb
Nemelex Xobeh
Okawaru
Qazlal
Ru
Sif Muna
Trog
Vehumet
Xom
The Shining One

Shops:
D:8 [


Innate Abilities, Weirdness & Mutations

You are resistant to torment.
Your stone body is resilient (AC +7).
You are immune to poison.
You resist negative energy.
You are resistant to electric shocks.
You can survive without breathing.
You are immune to petrification.
You are immune to rotting.


Message History

Confirm with . or Enter, or press ? or * to list all spells.
Aiming: Stone Arrow
Press: ? - help, Shift-Dir - straight line, f/p - blink frog
Aim: a blink frog The stone arrow hits the blink frog.
The blink frog is heavily wounded.
The blink frog hits you!
* * * LOW HITPOINT WARNING * * *
The blink frog blinks!
Casting: Stone Arrow
Confirm with . or Enter, or press ? or * to list all spells.
Aiming: Stone Arrow
Press: ? - help, Shift-Dir - straight line, f/p - blink frog
Aim: a blink frog (heavily wounded)
The stone arrow hits the blink frog.
The blink frog is almost dead.
The blink frog hits you!
* * * LOW HITPOINT WARNING * * *
The blink frog hits you!
You die...

.##. #..... ....#..####
#.................#
..................# #
........P.........###.##
......................P#
......................##
............#.P.F......#
..>..#........#÷@F......
..........#...<..§......
#..>.......#....#.#.....
#.............##### ....
P.............## .P.
...............## ..
#####...........# #
#..........#...#
#P..........##...#


You could see 2 blink frogs.

Vanquished Creatures
  A troll (D:7)
  7 blink frogs
  A spriggan (D:8)
  A wyvern (D:8)
  2 hippogriffs
  The ghost of derrpe the Poker, an amateur MfSk (D:4)
  Menkaure (D:7)
  A hungry ghost (D:7)
  4 wolves (Lair:1)
  3 water moccasins
  Duvessa (D:7)
  A phantom (D:7)
  2 porcupines
  A black bear (D:7)
  2 centaurs
  An ice beast (D:6)
  6 big kobolds
  A crocodile (Lair:2)
  5 ogres
  5 giant frogs
  2 scorpions
  Dowan (D:7)
  3 wights (D:8)
  5 crimson imps
  4 orc priests
  2 jellies
  A quasit (D:6)
  A giant frog zombie (D:7)
  8 orc wizards
  2 centaur skeletons
  9 hounds
  7 iguanas
  7 worker ants
  2 hound skeletons
  2 worker ant zombies
  18 adders
  5 river rats (Sewer)
  2 shadow imps
  2 oozes
  8 worms
  8 giant geckos
  28 orcs
  9 giant cockroaches
  12 hobgoblins
  4 jackals (D:7)
  33 kobolds
  4 quokkas
  5 ball pythons
  7 bats
  4 giant newts
  4 goblins
  A jackal skeleton (D:7)
  A quokka skeleton (D:5)
  28 rats
286 creatures vanquished.

Notes
Turn   | Place    | Note
--------------------------------------------------------------
     0 | D:1      | septik the Gargoyle Earth Elementalist began the quest for the Orb.
     0 | D:1      | Reached XP level 1. HP: 10/10 MP: 3/3
   392 | D:1      | Reached XP level 2. HP: 15/15 MP: 3/5
   779 | D:1      | Reached skill level 4 in Earth Magic
   983 | D:2      | Reached XP level 3. HP: 15/19 MP: 2/7
  1098 | D:2      | Learned a level 3 spell: Stone Arrow
  1348 | D:2      | Reached XP level 4. HP: 24/24 MP: 3/8
  1963 | D:3      | Found a glowing drain.
  1967 | Sewer    | Entered a sewer
  2142 | Sewer    | Reached XP level 5. HP: 28/28 MP: 10/10
  2223 | Sewer    | Reached skill level 5 in Earth Magic
  2349 | Sewer    | Reached skill level 1 in Conjurations
  3027 | Sewer    | Noticed a big kobold
  3027 | Sewer    | Noticed a big kobold
  3034 | Sewer    | Killed a big kobold
  3034 | Sewer    | Reached XP level 6. HP: 29/32 MP: 6/12
  3049 | Sewer    | Killed a big kobold
  3141 | Sewer    | Noticed a big kobold
  3148 | Sewer    | Killed a big kobold
  3148 | Sewer    | Reached skill level 5 in Spellcasting
  3148 | Sewer    | Reached XP level 7. HP: 33/36 MP: 7/14
  3497 | D:3      | Reached skill level 6 in Earth Magic
  3971 | D:4      | Learned a level 2 spell: Stoneskin
  3977 | D:4      | Learned a level 5 spell: Lee's Rapid Deconstruction
  4840 | D:4      | Reached XP level 8. HP: 41/41 MP: 17/17
  5307 | D:4      | Reached skill level 1 in Fighting
  5381 | D:4      | Reached skill level 1 in Maces & Flails
  5396 | D:4      | Noticed derrpe's ghost (amateur MfSk)
  5411 | D:4      | Killed derrpe's ghost
  5411 | D:4      | Reached skill level 1 in Armour
  5487 | D:4      | Found a deep blue altar of Sif Muna.
  5684 | D:5      | Entered Level 5 of the Dungeon
  5732 | D:5      | Reached skill level 7 in Earth Magic
  6267 | D:5      | Reached XP level 9. HP: 49/49 MP: 15/19
  6820 | D:6      | Reached skill level 1 in Evocations
  6824 | D:6      | Reached skill level 5 in Conjurations
  6998 | D:6      | Found a shadowy altar of Dithmenos.
  7757 | D:7      | Got a warped whip
  7758 | D:7      | Identified the cursed +1 whip "Pynt" {flame, Int+6} (You found it on level 7 of the Dungeon)
  7858 | D:7      | Noticed Duvessa
  7864 | D:7      | Noticed Dowan
  8108 | D:7      | Killed Dowan
  8244 | D:7      | Found a bloodstained altar of Trog.
  8248 | D:7      | Found a shimmering altar of Xom.
  8251 | D:7      | Found a burning altar of Makhleb.
  8252 | D:7      | Found a shadowy altar of Dithmenos.
  8253 | D:7      | Found an ancient bone altar of Kikubaaqudgha.
  8253 | D:7      | Found a blossoming altar of Fedhas.
  8253 | D:7      | Found a radiant altar of Vehumet.
  8253 | D:7      | Found a stormy altar of Qazlal.
  8253 | D:7      | Found a deep blue altar of Sif Muna.
  8254 | D:7      | Found a glowing golden altar of the Shining One.
  8255 | D:7      | Found an iron altar of Okawaru.
  8256 | D:7      | Found a sparkling altar of Nemelex Xobeh.
  8257 | D:7      | Found a snail-covered altar of Cheibriados.
  8259 | D:7      | Found a sacrificial altar of Ru.
  8262 | D:7      | Became a worshipper of Vehumet
  8384 | D:7      | Reached XP level 10. HP: 56/56 MP: 6/21
  8399 | D:7      | Noticed Menkaure
  8481 | D:7      | Killed Duvessa
  8697 | D:7      | Killed Menkaure
  8809 | D:7      | Found a staircase to the Ecumenical Temple.
  9104 | D:8      | Found Ukhottyt's Armour Shop.
  9228 | D:8      | Reached skill level 8 in Earth Magic
  9327 | D:8      | Reached * piety under Vehumet
  9327 | D:8      | Offered knowledge of Sting by Vehumet.
  9366 | D:8      | Found a deep blue altar of Sif Muna.
  9504 | D:8      | Found a staircase to the Lair.
  9892 | Lair:1   | Entered Level 1 of the Lair of Beasts
  9896 | Lair:1   | Reached skill level 1 in Shields
 10045 | Lair:1   | Reached skill level 5 in Armour
 10163 | Lair:1   | Noticed a six-headed hydra
 10456 | Lair:1   | Reached XP level 11. HP: 34/62 MP: 4/23
 10622 | Lair:2   | Slain by a blink frog

Vault maps used:
D:1:      lemuel_arrival_broad_hall, serial_bayou_lagoon_a
D:2:      first_bread, kennysheep_generic_room_10
D:3:      gup_sewer_entry_spiral, corexii_shack
D:4:      minmay_door_path, lemuel_blue_sif_altar
D:5:      minmay_misc_feat_doors
D:6:      basic_altar
D:7:      minitemple, minmay_temple_entry_mist, uniq_duvessa, uniq_menkaure
D:8:      basic_altar, serial_shops, shop, grunt_pizzeria
Lair:1:   serial_bayou_lagoon_b, lemuel_fruit_tree, grunt_megastairs_3,
          serial_bayou_shore_a
Lair:2:   kennysheep_rathole, infiniplex_staircase_pool_2
Sewer:    sewer_minmay_treatment

Action                   |  1- 3 |  4- 6 |  7- 9 | 10-12 || total
-------------------------+-------+-------+-------+-------++-------
Melee: Short sword       |    32 |       |       |       ||    32
       Mace              |    24 |    15 |       |       ||    39
       Spear             |       |   246 |   160 |       ||   406
       Whip              |       |       |    29 |    41 ||    70
 Cast: Sandblast         |    51 |    60 |   134 |       ||   245
       Stone Arrow       |       |       |   121 |   122 ||   243
       Stoneskin         |       |       |     5 |       ||     5
       Lee's Rapid Decon |       |       |       |     2 ||     2
  Use: Scroll            |     2 |     4 |     4 |       ||    10
       Potion            |       |       |       |     2 ||     2
  Eat: Chunk             |     2 |     6 |    19 |     7 ||    34
